 Dungeon Crawl Stone Soup version 0.28-a0-691-gad6df49e81 (webtiles) character file.

Game seed: 17877474845194513958

42 pop123321pop the Cudgeller (level 3, 0/23 HPs)
             Began as a Gargoyle Berserker on Oct 22, 2021.
             Was a Believer of Trog.
             Frozen to death by an endoplasm (1 damage)
             ... on level 3 of the Dungeon.
             The game lasted 00:01:56 (2741 turns).

pop123321pop the Cudgeller (Gargoyle Berserker)     Turns: 2741, Time: 00:01:57

Health: 0/23       AC:  8    Str: 20    XL:     3   Next: 54%
Magic:  3/3        EV: 11    Int:  7    God:    Trog [**....]
Gold:   136        SH:  0    Dex: 10    Spells: 2/2 levels left

rFire   . . .      SeeInvis .   b - +0 whip
rCold   . . .      Faith    .   (no shield)
rNeg    + . .      Spirit   .   i - +0 ring mail
rPois   ∞          Reflect  .   (no helmet)
rElec   +          Harm     .   (no cloak)
rCorr   .          Rampage  .   (no gloves)
Will    .....                   (no boots)
Stlth   ..........              (no amulet)
HPRegen 0.07/turn               (no ring)
MPRegen 0.08/turn               (no ring)

@: no status effects
A: sickness immunity, AC +3, negative energy resistance 1, electricity
resistance, torment resistance 1, petrification resistance
a: Renounce Religion, Berserk, Trog's Hand


You were on level 3 of the Dungeon.
You worshipped Trog.
Trog was pleased with you.
You visited 1 branch of the dungeon, and saw 3 of its levels.

You collected 136 gold pieces.

Inventory:

Hand Weapons
 b - a +0 whip (weapon)
Armour
 i - a +0 ring mail (worn)
Jewellery
 e - an amulet of regeneration
Scrolls
 a - 3 scrolls of blinking {unknown}
 g - 2 scrolls of identify {unknown}
 h - a scroll of vulnerability {unknown}
Potions
 c - a potion of mutation {unknown}
 d - 2 potions of berserk rage {unknown}
 f - 2 potions of haste {unknown}
 j - a potion of ambrosia {unknown}
 k - a potion of magic {unknown}
 l - a potion of curing {unknown}


   Skills:
 - Level 3.2 Fighting
 + Level 4.4 Maces & Flails
 - Level 2.1 Armour
 - Level 1.5 Dodging


You had 2 spell levels left.
You didn't know any spells.
Your spell library was empty.

Dungeon Overview and Level Annotations

Branches:
Dungeon (3/15)

Altars:


Innate Abilities, Weirdness & Mutations

You are immune to sickness and miasma.
Your stone body is resilient. (AC +3)
You are immune to poison.
You resist negative energy. (rN+)
You are resistant to electric shocks. (rElec)
You are resistant to unholy torment.
You are immune to petrification.


Message History

The endoplasm freezes you.
You are frozen.
Unknown command.
There are monsters nearby!
Unknown command.
You are too injured to fight recklessly!
There are monsters nearby!
There are monsters nearby!
You are too injured to fight recklessly!
Unknown command.
There are monsters nearby!
You are too injured to fight recklessly!
Unknown command.
Unknown command.
There are monsters nearby!
You are too injured to fight recklessly!
Unknown command.
There are monsters nearby!
There are monsters nearby!
You are too injured to fight recklessly!
Unknown command.
There are monsters nearby!
You hit the hobgoblin.
You kill the hobgoblin!
Trog accepts your kill. The endoplasm freezes you.
You are frozen.
The endoplasm freezes you.
You are frozen.
* * * LOW HITPOINT WARNING * * *
You see here a hobgoblin corpse.
You barely miss the endoplasm. The endoplasm freezes you.
You are frozen.
* * * LOW HITPOINT WARNING * * *
You hit the endoplasm.
The endoplasm is moderately wounded.
The endoplasm freezes you.
You are frozen.
You die...

######## ...... ##......
#...... #....... .......
....... ....... . #....#
......#
##.#....######....###
...............(.....
.......@......#######
.......J†...........#
...#.......###....#####.
. #.......# #..........
#...$...# #....#####.
.....#...# #........##
......#...# #.........#
......#######......#...
####.. ..........##.


You could see an endoplasm.

Vanquished Creatures
  An adder (D:3)
  5 ball pythons
  3 endoplasms
  3 goblins
  3 hobgoblins
  4 quokkas
  2 bats (D:2)
  A frilled lizard (D:1)
  4 kobolds (D:2)
  2 rats (D:3)
28 creatures vanquished.

Notes
Turn   | Place    | Note
-------+----------+-------------------------------------------
     0 | D:1      | pop123321pop the Gargoyle Berserker began the quest for the
                  | Orb.
     0 | D:1      | Reached XP level 1. HP: 14/14 MP: 1/1
    15 | D:1      | Found a faded altar of an unknown god.
   501 | D:1      | Reached XP level 2. HP: 8/19 MP: 2/2
  1623 | D:2      | Reached skill level 4 in Maces & Flails
  2172 | D:2      | Reached XP level 3. HP: 18/23 MP: 3/3
  2731 | D:3      | Reached ** piety under Trog
  2740 | D:3      | HP: 1/23 [frozen (3)]
  2741 | D:3      | Frozen to death by an endoplasm

Illustrated notes

Levels and vault maps discovered:
D:1:      lemuel_arrival_broad_hall, layout_rooms, basic_ecumenical_altar
D:2:      layout_basic
D:3:      layout_basic, portal_sewer_entry_a, grunt_decor_fettered,
          uniq_crazy_yiuf_cottage, uniq_robin

Skill      XL: |  1  2 |
---------------+-------+-----
Maces & Flails | 4 |  4.4
Fighting       | |  3.2
Armour         | |  2.1
Dodging        | |  1.5

Action                   || total
-------------------------++-------
Melee: Mace              ||    34
       Whip              ||   118
Armor: Animal skin       ||    10
       Ring mail         ||    55
Dodge: Dodged            ||    73

Table legend: (Time is in decaauts)
 A = Elapsed time spent in this place.
 B = Non-inter-level travel time spent in this place.
 C = Inter-level travel time spent in this place.
 D = Time resting spent in this place.
 E = Time spent auto-exploring this place.
 F = Levels seen in this place.
 G = Mean time per level.
                   A        B        C        D        E       F      G
               +--------+--------+--------+--------+--------+-----+--------+
         Total |   2736 |   2622 |    114 |    417 |   1921 |   3 |  912.0 |
       Dungeon |   2736 |   2622 |    114 |    417 |   1921 |   3 |  912.0 |
               +--------+--------+--------+--------+--------+-----+--------+

Top non-repeatable levels by time:
     D:2: 1286 daAuts
     D:1: 1186 daAuts
     D:3: 264 daAuts
